 Dungeon Crawl Stone Soup version 0.14-a0-1876-g927fc3a (webtiles) character file.

1180 Jenx the Conjurer (level 7, -2/36 HPs)
             Began as a Deep Elf Conjurer on Jan 15, 2014.
             Slain by Pikel
             ... wielding a +0,+2 whip of flaming
              (4 damage)
             ... while paralysed by Grinder
             ... on Level 5 of the Dungeon.
             The game lasted 00:19:15 (6765 turns).

Jenx the Conjurer (Deep Elf Conjurer)               Turns: 6765, Time: 00:19:16

HP  -2/36        AC 13     Str  5      XL: 7   Next: 98%
MP   1/20        EV  2     Int 22      God:
Gold 188         SH  0     Dex 15      Spells:  4 memorised,  0 levels left

rFire  . . .     SeeInvis .     a - +3,+0 dwarf dagger (protect)
rCold  . . .     Clarity  .     C - +0 elf robe
rNeg   . . .     Conserve .     (no shield)
rPois  .         rCorr    .     g - +0 helmet
rElec  .         rRot     .     G - +0 cloak
SustAb . .       Spirit   .     (no gloves)
rMut   .         Warding  .     w - +0 pair of orc boots
Gourm  +         Stasis   .     B - amulet of the gourmand
MR     .....                    (no ring)
                                h - +3 ring of protection

@: paralysed, not resistant to hostile enchantments, fairly stealthy
A: no striking features
a: no special abilities


You were on level 5 of the Dungeon.
You were not hungry.

You visited 1 branch of the dungeon, and saw 5 of its levels.

You collected 188 gold pieces.

Inventory:

Hand weapons
 a - a +3,+0 dwarven dagger of protection (weapon)
 t - a +4,+4 quarterstaff of chaos
 D - a +0,+0 cutlass of holy wrath
Missiles
 i - 7 tomahawks (quivered)
 z - 2 javelins of returning
Armour
 g - a +0 helmet (worn)
 w - a +0 pair of orcish boots (worn)
 C - a +0 elven robe (worn)
 G - a +0 cloak (worn)
Magical devices
 x - a wand of fire (11)
 A - a wand of confusion (8) {unknown}
 H - a wand of confusion (0) {unknown}
Comestibles
 b - 2 bread rations
Scrolls
 d - a scroll of identify
 f - a scroll of teleportation {unknown}
 j - 2 scrolls of recharging {unknown}
 m - 4 scrolls of remove curse
 n - a scroll of immolation {unknown}
 p - a scroll of magic mapping {unknown}
 q - a scroll of amnesia {unknown}
 v - a scroll of curse armour {unknown}
 y - a scroll of blinking
 F - a scroll of enchant weapon II {unknown}
Jewellery
 h - a +3 ring of protection (left hand)
 B - an amulet of the gourmand (around neck)
 I - an uncursed amulet of the gourmand
Potions
 e - a potion of mutation {unknown}
 k - 3 potions of heal wounds {unknown}
 l - 2 potions of curing {unknown}
 o - 2 potions of lignification {unknown}
 r - a potion of brilliance {unknown}
 s - a potion of beneficial mutation {unknown}
 u - a potion of might {unknown}
 E - a potion of magic {unknown}
Books
 c - a book of Conjurations

   Spells                             Type                      Level
   *Magic Dart                        Conjuration                  1
   Searing Ray                        Conjuration                  2
   *Dazzling Spray                    Conjuration/Hexes            3
   *Iskenderun's Mystic Blast         Conjuration                  4
   *Iskenderun's Battlesphere         Conjuration/Charms           4
   Fulminant Prism                    Conjuration/Hexes            5


   Skills:
 - Level 2.4 Dodging
 - Level 2.4 Stealth
 - Level 3.0 Spellcasting
 + Level 10.9 Conjurations


You couldn't memorise any spells.
You knew the following spells:

 Your Spells              Type           Power        Failure   Level  Hunger
a - Magic Dart            Conj           ####         1%          1    None
b - Dazzling Spray        Conj/Hex       ####....     4%          3    ###....
c - Iskenderun's Mystic   Conj           ######..     1%          4    ####...
d - Iskenderun's Battles  Conj/Chrm      ####....     14%         4    ####...


Dungeon Overview and Level Annotations

Branches:
Dungeon (5/16)
 Temple: D:4-7

Altars:
Cheibriados

Annotations:
D:5 Grinder, Pikel


Message History

Aiming: Magic Dart
Press: ? - help, Shift-Dir - straight line, f/p - Pikel
Aim: Pikel, wielding a whip of flaming and wearing a robe (severely wounded)
The magic dart hits Pikel.
Pikel is severely wounded.
Your battlesphere fires!
The barrage of energy hits Pikel.
Pikel is severely wounded.
Grinder gestures at you.
You suddenly lose the ability to move!
Pikel hits you with a whip of flaming! Pikel burns you. The slave hits you.
A slave comes into view.
Pikel hits you with a whip of flaming. Pikel burns you.
The slave hits you but does no damage.
Grinder gestures.
Grinder blinks!
Pikel hits you with a whip of flaming!
* * * LOW HITPOINT WARNING * * *
Pikel burns you.
You die...

..........#........###
..........'........#
..........#........# ##
...(......#........##...
..........#..............
.##....####..............
.##....# ####....#......
.####'## #...@........
.####.########..@K........
................@...?.....
.#####....5.###*.@.|.####
.# .............### .#
............@. .#
..........ยง...( ##
....(........... .###
.......... . .)..


You could see Pikel, Grinder and 4 slaves.

Vanquished Creatures
  Eustachio (D:5)
  An ice beast (D:5)
  A phantom (D:4)
  Duvessa (D:4)
  An agate snail (D:3)
  3 wights
  Dowan (D:4)
  Crazy Yiuf (D:4)
  A worker ant (D:4)
  3 orc wizards
  Ijyb (D:5)
  An ogre skeleton (D:4)
  A gnoll (D:1)
  4 adders
  9 worms
  A giant mite (D:2)
  A grey rat (D:5)
  An ooze (D:1)
  13 orcs
  A ball python (D:5)
  A bat skeleton (D:5)
  8 giant cockroaches
  14 hobgoblins
  3 jackals (D:1)
  6 kobolds
  4 quokkas
  17 bats
  2 giant geckos
  4 giant newts
  18 goblins
  A kobold zombie (D:5)
  9 rats
134 creatures vanquished.

Notes
Turn   | Place    | Note
--------------------------------------------------------------
     0 | D:1      | Jenx, the Deep Elf Conjurer, began the quest for the Orb.
     0 | D:1      | Reached XP level 1. HP: 10/10 MP: 5/5
   417 | D:1      | Reached XP level 2. HP: 15/15 MP: 6/8
   520 | D:1      | Reached skill level 5 in Conjurations
   937 | D:1      | Reached XP level 3. HP: 19/19 MP: 5/10
  1251 | D:2      | Learned a level 3 spell: Dazzling Spray
  1754 | D:2      | Reached skill level 6 in Conjurations
  1829 | D:2      | Reached XP level 4. HP: 24/24 MP: 10/13
  2176 | D:2      | Learned a level 4 spell: Iskenderun's Mystic Blast
  3109 | D:3      | Reached XP level 5. HP: 28/28 MP: 13/16
  3117 | D:3      | Reached skill level 7 in Conjurations
  3682 | D:3      | Reached skill level 8 in Conjurations
  3683 | D:3      | Reached XP level 6. HP: 30/32 MP: 3/18
  4602 | D:3      | Found a snail-covered altar of Cheibriados.
  5162 | D:4      | Noticed Dowan
  5218 | D:4      | Noticed Duvessa
  5396 | D:4      | Reached skill level 9 in Conjurations
  5396 | D:4      | Reached XP level 7. HP: 32/36 MP: 2/20
  5506 | D:4      | Learned a level 4 spell: Iskenderun's Battlesphere
  5619 | D:4      | Killed Dowan
  5783 | D:4      | Killed Duvessa
  5982 | D:4      | Reached skill level 10 in Conjurations
  6107 | D:4      | Noticed Crazy Yiuf
  6130 | D:4      | Killed Crazy Yiuf
  6187 | D:5      | Entered Level 5 of the Dungeon
  6187 | D:5      | Noticed Ijyb
  6218 | D:5      | Killed Ijyb
  6463 | D:5      | Noticed Eustachio
  6465 | D:5      | Noticed Pikel
  6539 | D:5      | Killed Eustachio
  6760 | D:5      | Noticed Grinder
  6762 | D:5      | Paralysed by Grinder for 5 turns
  6765 | D:5      | Slain by Pikel

Action                   |  1- 3 |  4- 6 |  7- 9 || total
-------------------------+-------+-------+-------++-------
Melee: Dagger            |    30 |    88 |    51 ||   169
       Unarmed           |     6 |       |       ||     6
       Cutlass           |       |       |     2 ||     2
Throw: Tomahawk          |     4 |     7 |       ||    11
 Cast: Magic Dart        |    78 |   132 |    44 ||   254
       Dazzling Spray    |       |    23 |    23 ||    46
       Iskenderun's Myst |       |    19 |    11 ||    30
       Iskenderun's Batt |       |       |     4 ||     4
Evoke: Wand              |       |     1 |       ||     1
  Use: Scroll            |       |     4 |     2 ||     6
 Stab: Sleeping          |     1 |       |       ||     1
       Invisible         |       |     3 |     2 ||     5
